 Dungeon Crawl Stone Soup version 0.28.0-47-ge53b351184 (webtiles) character file.

Game seed: 4209841777203551985

13960 croobank the Basher (level 12, 0/106 HPs)
             Began as a Hill Orc Fighter on Apr 27, 2022.
             Was a Priest of Beogh.
             Slain by an ice devil (14 damage)
             ... summoned by an orc high priest
             ... on level 2 of the Orcish Mines.
             The game lasted 01:06:23 (13255 turns).

croobank the Basher (Hill Orc Fighter)             Turns: 13255, Time: 01:06:23

Health: 0/106      AC: 17    Str: 24    XL:     12   Next: 11%
Magic:  13/18      EV: 10    Int:  8    God:    Beogh [***...]
Gold:   478        SH:  7    Dex: 10    Spells: 8/11 levels left

rFire   . . .      SeeInvis .   y - +2 broad axe (vorpal)
rCold   . . .      Faith    .   c - +1 buckler
rNeg    . . .      Spirit   .   G - +1 chain mail {Will+}
rPois   .          Reflect  .   o - +0 helmet
rElec   .          Harm     .   J - +0 cloak
rCorr   .          Rampage  .   K - +0 pair of gloves
Will    ++...                   M - +0 pair of boots
Stlth   ..........              g - amulet of the acrobat
HPRegen 0.27/turn               D - ring of willpower
MPRegen 0.16/turn               (no ring)

@: mighty
A: no striking features
a: Renounce Religion, Smiting


You were on level 2 of the Orcish Mines.
You worshipped Beogh.
Beogh was most pleased with you.
You visited 2 branches of the dungeon, and saw 11 of its levels.
You also visited: Bailey.

You collected 733 gold pieces.
You spent 255 gold pieces at shops.

Inventory:

Hand Weapons
 a - a +0 war axe of protection
 b - a +0 hunting sling
 f - the +5 flail of Valuable Assets {protect, rElec Int+2 Dex+4}
   (You found it on level 3 of the Dungeon)

   It grants its wielder temporary protection when it strikes (+7 to AC).
   Int:       It affects your intelligence (+2).
   Dex:       It affects your dexterity (+4).
   rElec:     It insulates you from electricity.
 i - a +0 shortbow
 y - a +2 vorpal broad axe (weapon)
 E - a +0 short sword of holy wrath
 P - a +4 halberd
 Q - a +5 scimitar of protection
 R - a +0 dire flail
 S - a +0 vorpal dire flail
Missiles
 e - 84 sling bullets
 h - 257 stones
 j - 103 arrows
 r - 12 boomerangs (quivered)
 w - 11 poisoned darts
 x - 41 bolts
Armour
 c - a +1 buckler (worn)
 o - a +0 helmet (worn)
 q - a +3 leather armour
 C - an orb of wrath
 F - a +0 plate armour
 G - a +1 chain mail of willpower (worn)
 J - a +0 cloak (worn)
 K - a +0 pair of gloves (worn)
 M - a +0 pair of boots (worn)
 N - the +3 leather armour of a treasure trove {rN+++ Dex-5 Stlth+}
   (You found it on level 8 of the Dungeon)

   Dex:       It affects your dexterity (-5).
   rN:        It renders you almost immune to negative energy.
   Stlth:     It makes you more stealthy.
Jewellery
 g - an amulet of the acrobat (around neck)
 D - a ring of willpower (left hand)
Wands
 p - a wand of flame (15)
 A - a wand of mindburst (2)
 B - a wand of polymorph (7)
Scrolls
 k - 2 scrolls of teleportation
 m - a scroll of enchant armour
 L - 4 scrolls of fear
Potions
 l - 2 potions of magic
 n - 2 potions of brilliance
 s - 2 potions of ambrosia
 t - a potion of flight {unknown}
 u - 3 potions of invisibility {unknown}
 v - 2 potions of curing {unknown}
 z - a potion of degeneration {unknown}
 I - 2 potions of mutation {unknown}
 O - a potion of resistance {unknown}


   Skills:
 + Level 9.8 Fighting
 - Level 4.3(9.3) Axes
 * Level 10.9(11.1) Maces & Flails
 + Level 8.9 Armour
 + Level 5.7 Dodging
 + Level 9.0 Shields
 + Level 9.0 Invocations


You had 8 spell levels left.
You knew the following spells:

 Your Spells              Type           Power      Damage    Failure   Level
a - Sandblast             Erth           0%         2d4       97%         1
b - Passwall              Tmut/Erth      0%         N/A       99%         2

Your spell library contained the following spells:

 Spells                   Type           Power      Damage    Failure   Level
 Magic Dart               Conj           0%         1d3       97%         1
 Searing Ray              Conj           0%         2d4       99%         2
 Ozocubu's Armour         Ice            0%         N/A       100%        3
 Stone Arrow              Conj/Erth      0%         3d7       100%        3
 Fulminant Prism          Conj/Hex       0%         3d6       100%        4
 Freezing Cloud           Conj/Ice/Air   0%         6-21      100%        5
 Simulacrum               Ice/Necr       0%         N/A       100%        6
 Ozocubu's Refrigeration  Ice            0%         4d5       100%        7
 Polar Vortex             Ice            0%         N/A       100%        9


Dungeon Overview and Level Annotations

Branches:
Dungeon (9/15)             Temple (0/1) D:6             Orc (2/2) D:9
 Bailey (visited)
   Lair: D:8-11         Elf: Orc:2

Altars:
Ashenzari
Nemelex Xobeh
Ru
Sif Muna
Xom
The Shining One
Beogh

Shops:
D:4 (   D:6 [   D:7 *   Orc:2 (

Annotations:
D:5 2 runed translucent doors, yahweh's ghost, novice MiBe
D:6 1 runed translucent door, Malificent's ghost, amateur DsCj


Message History

Your orc priest hits the orc high priest with a +0 club.
Aiming: Mindburst
Press: ? - help, Shift-Dir - straight line, f - orc high priest
Aim: an orc high priest, wielding a +0 dire flail and wearing a +0 ring mail (strong, chance to affect: 29%)
The orc high priest easily resists.
Something hits the orc warrior.
Your orc wizard barely misses the orc high priest.
Your orc priest hits the orc high priest with a +0 club.
Your orc hits the orc priest but does no damage.
Something hits your orc priest.
Your orc priest dies!
The orc high priest is smitten.
Your orc wizard hits the orc high priest but does no damage.
The orc high priest utters an invocation to Beogh.
The orc high priest prays to Beogh.
The orc high priest is healed somewhat.
Something closely misses the orc high priest.
There is an open door here.
Beogh accepts your kill.
Beogh appreciates your killing of a heretic priest.
You feel a bit more experienced.
Your Invocations skill increases to level 9!
You close the door.
Beogh accepts your kill.
You feel a bit more experienced.
You start resting.
Beogh accepts your kill.
Beogh appreciates your killing of a heretic priest.
You feel a bit more experienced.
You hear a shout!
Aiming: Smiting
Press: ? - help, Dir - move target, f - ice devil Smite: an ice devil (summoned)
You smite the ice devil!!
The ice devil is severely wounded.
You can no longer recall your orcish followers.
The ice devil hits you!
* * * LOW HITPOINT WARNING * * *
The ice devil freezes you!
You die...
Beogh appreciates the ice devil's killing of a heretic priest.

# #...).8)8.....###..
..###.oo......###....
....##....o..##......
........).o..........#
##^....).848.......#
#####....4)..)#####
#########'###### ## ..#
#.##...#.. #.# #.##@..#.#
#.##+###.###4##^# #
#....#..........# ##
######....#.##'##....# ..# .
.##..#....#.#...#....# #.. ..
###..'......#...#....+ #.##..
###..#)####.#####.#### ##.....
.#####o#..#..........# #.....#
..####.'..#.....####.######...#


You could see an ice devil (summoned).

Vanquished Creatures
  A boulder beetle (D:9)
  4 two-headed ogres
  The ghost of Anandil the Martial Artist, a novice GnWn of Ashenzari (D:8)
  The ghost of tygarin the Ducker, a novice DjTm of Makhleb (D:8)
  An orc knight (Bailey)
  An orc sorcerer (Orc:2)
  2 trolls
  A wyvern (D:9)
  8 yaks
  2 steam dragons
  Menkaure (D:5)
  A warg (Orc:1)
  A sky beast (D:5)
  A black bear (D:5)
  19 orc warriors
  3 centaurs
  10 ogres
  A kobold brigand (D:9)
  A gnoll sergeant (D:7)
  A wyvern zombie (D:6)
  A bullfrog (D:9)
  A water moccasin zombie (D:5)
  A wyvern skeleton (D:7)
  5 wights (D:9)
  2 howler monkeys
  7 centaur zombies
  2 jellies
  6 orc priests
  A gnoll shaman (D:5)
  3 hounds (D:5)
  4 iguanas
  7 orc wizards
  A hound skeleton (D:4)
  15 gnolls
  2 howler monkey zombies
  16 adders
  A shadow imp (D:8)
  2 white imps
  An ufetubus (D:5)
  2 worms (D:2)
  2 dart slugs (D:2)
  44 orcs
  5 ball pythons
  10 bats
  7 endoplasms
  3 giant cockroaches
  19 goblins
  12 hobgoblins
  8 jackals
  13 kobolds
  4 quokkas
  4 frilled lizards
  8 rats
280 creatures vanquished.

Vanquished Creatures (collateral kills)
  An orc high priest (Orc:2)
  The ghost of Malificent the Scholar of Death, a novice DsNe of Kikubaaqudgha (D:7)
  An orc knight (Orc:2)
  An orc sorcerer (Orc:2)
  2 trolls (Orc:2)
  Grinder (D:7)
  7 orc warriors (Orc:2)
  4 ogres (Orc:2)
  3 orc priests (Orc:2)
  12 orcs
33 creatures vanquished.

Vanquished Creatures (others)
  An orc high priest (Orc:2)
  7 orc warriors
  7 orc priests
  A hound (D:4)
  2 orc wizards (Orc:2)
  45 orcs
  51 plants
  2 withered plants (D:6)
116 creatures vanquished.

Grand Total: 429 creatures vanquished

Notes
Turn   | Place    | Note
-------+----------+-------------------------------------------
     0 | D:1      | croobank the Hill Orc Fighter began the quest for the Orb.
     0 | D:1      | Reached XP level 1. HP: 19/19 MP: 1/1
   331 | D:1      | Reached XP level 2. HP: 27/27 MP: 2/2
   376 | D:1      | Learned a level 1 spell: Sandblast
   482 | D:1      | Found a faded altar of an unknown god.
   878 | D:1      | Reached XP level 3. HP: 31/33 MP: 3/3
  1026 | D:2      | Found Reafariv's Antique Armour Shoppe.
  1165 | D:2      | Found a sacrificial altar of Ru.
  1197 | D:1      | Reached XP level 4. HP: 13/40 MP: 4/4
  1511 | D:1      | HP: 2/40 [poisoned by a gnoll]
  1517 | D:1      | HP: 2/60 [poisoned by a gnoll]
  2079 | D:2      | Learned a level 2 spell: Passwall
  2350 | D:2      | Reached XP level 5. HP: 47/47 MP: 5/5
  2793 | D:3      | Identified the +5 flail of Valuable Assets {protect, rElec
                  | Int+2 Dex+4}
  2806 | D:3      | Found a glowing golden altar of the Shining One.
  3596 | D:4      | Found Deaj's Weapon Emporium.
  3606 | D:4      | Reached skill level 1 in Maces & Flails
  3658 | D:4      | Reached XP level 6. HP: 55/55 MP: 6/6
  4065 | D:4      | Became a worshipper of Beogh the Brigand
  4243 | D:4      | Reached skill level 5 in Fighting
  4243 | D:4      | Reached skill level 2 in Maces & Flails
  4243 | D:4      | Reached skill level 1 in Dodging
  4752 | D:5      | Entered Level 5 of the Dungeon
  4779 | D:5      | Reached skill level 1 in Invocations
  4788 | D:5      | Noticed a black bear
  4805 | D:5      | Killed a black bear
  4806 | D:5      | Reached XP level 7. HP: 58/61 MP: 6/8
  4842 | D:5      | Found a broken altar of Ashenzari.
  4854 | D:5      | Reached skill level 3 in Maces & Flails
  4863 | D:5      | Reached skill level 5 in Armour
  4871 | D:5      | Reached skill level 5 in Shields
  5043 | D:5      | Reached XP level 8. HP: 63/70 MP: 8/10
  5054 | D:5      | Reached skill level 4 in Maces & Flails
  5054 | D:5      | Noticed Menkaure
  5064 | D:5      | Reached * piety under Beogh
  5442 | D:5      | Killed Menkaure
  5634 | D:5      | Found a runed translucent door.
  5665 | D:5      | Found a runed translucent door.
  5669 | D:5      | Noticed yahweh's ghost (novice MiBe)
  5903 | D:6      | Found Ficerulofere's Antique Armour Shop.
  6130 | D:6      | Found a sacrificial altar of Ru.
  6131 | D:6      | Found a shimmering blue altar of Sif Muna.
  6135 | D:6      | Found a shimmering altar of Xom.
  6178 | D:6      | Found a staircase to the Ecumenical Temple.
  6290 | D:6      | Found a runed translucent door.
  6292 | D:6      | Noticed Malificent's ghost (amateur DsCj)
  6306 | D:6      | Reached skill level 5 in Maces & Flails
  6429 | D:6      | Noticed Grinder
  6574 | D:6      | Found a sparkling altar of Nemelex Xobeh.
  6597 | D:6      | Bought a runed chain mail for 255 gold pieces
  6711 | D:7      | Found a runed translucent gate.
  6712 | D:7      | Found a runed translucent gate.
  6713 | D:7      | Found a runed translucent gate.
  6714 | D:7      | Noticed tygarin's ghost (novice DjTm)
  6714 | D:7      | Noticed Anandil's ghost (novice GnWn)
  6714 | D:7      | Noticed Malificent's ghost (novice DsNe)
  6722 | D:7      | Killed Grinder
  6737 | D:7      | Killed Malificent's ghost
  6738 | D:7      | Reached skill level 6 in Maces & Flails
  6738 | D:7      | Reached XP level 9. HP: 78/78 MP: 12/12
  6766 | D:8      | Killed Anandil's ghost
  6767 | D:8      | Reached skill level 5 in Invocations
  6777 | D:8      | Killed tygarin's ghost
  6778 | D:8      | Reached skill level 7 in Maces & Flails
  7242 | D:7      | Found Vewebet's Elemental Accessories.
  7250 | D:7      | Reached XP level 10. HP: 86/86 MP: 14/14
  7436 | D:7      | Found a flagged portal.
  7453 | Bailey   | Entered a bailey
  7540 | Bailey   | Reached ** piety under Beogh
  7738 | Bailey   | Noticed an orc knight
  7753 | Bailey   | Killed an orc knight
  7779 | Bailey   | Reached skill level 8 in Maces & Flails
  9516 | D:8      | Identified the +3 leather armour of a treasure trove {rN+++
                  | Dex-5 Stlth+}
  9754 | D:9      | Noticed a boulder beetle
  9775 | D:9      | Killed a boulder beetle
  9776 | D:9      | Reached skill level 9 in Maces & Flails
 10187 | D:9      | Noticed a two-headed ogre
 10351 | D:9      | Killed a two-headed ogre
 10352 | D:9      | Reached XP level 11. HP: 85/95 MP: 12/16
 10611 | D:9      | Reached skill level 5 in Dodging
 11100 | D:9      | Reached *** piety under Beogh
 11141 | D:9      | Noticed a two-headed ogre
 11150 | D:9      | Killed a two-headed ogre
 11158 | D:9      | Found a roughly hewn altar of Beogh.
 11158 | D:9      | Found a staircase to the Orcish Mines.
 11188 | Orc:1    | Entered Level 1 of the Orcish Mines
 11218 | Orc:1    | Noticed a two-headed ogre
 11220 | Orc:1    | Noticed a two-headed ogre
 11227 | Orc:1    | Killed a two-headed ogre
 11228 | Orc:1    | Reached skill level 10 in Maces & Flails
 11243 | D:9      | Killed a two-headed ogre
 11282 | Orc:1    | Found a roughly hewn altar of Beogh.
 11649 | Orc:2    | Entered Level 2 of the Orcish Mines
 12036 | Orc:2    | Noticed an orc sorcerer
 12044 | Orc:2    | Killed an orc sorcerer
 12046 | Orc:2    | Reached **** piety under Beogh
 12309 | Orc:2    | Noticed an orc high priest
 12335 | Orc:2    | Noticed an orc warlord
 12336 | Orc:2    | Noticed an orc sorcerer
 12347 | Orc:2    | Gained Bogdan as an ally
 12747 | Orc:2    | Found a roughly hewn altar of Beogh.
 12870 | Orc:2    | Found Lootz's Weapon Emporium.
 12870 | Orc:2    | Noticed an orc knight
 12877 | Orc:2    | Reached XP level 12. HP: 101/106 MP: 15/18
 13229 | Orc:2    | Found a roughly hewn altar of Beogh.
 13232 | Orc:2    | Your ally Bogdan died
 13233 | Orc:2    | Noticed an orc high priest
 13234 | Orc:2    | Noticed an orc high priest
 13250 | Orc:2    | Killed an orc high priest
 13255 | Orc:2    | Slain by an ice devil

Illustrated notes

Levels and vault maps discovered:
D:1:      roderic_crop_circles_arrival_small, layout_rooms,
          hellmonk_ecumenical_altar_leap_of_faith
D:2:      layout_basic, serial_bayou, serial_bayou_pond_a, serial_bayou_shore_a,
          serial_bayou_pond_b, serial_bayou_pond_c, serial_shops,
          nicolae_shop_behind_doors, basic_altar, minivault_25,
          minmay_tromino_v2
D:3:      layout_loops_ring, mainiacjoe_overflow_paths, nrook_mini_vaults
D:4:      layout_cave_pods, serial_shops, shop, guppyfry_early_lair_pool
D:5:      layout_rooms, ebering_ghost_sewer_f, minmay_ruined_shrine,
          uniq_menkaure
D:6:      layout_basic, nicolae_overflow_hidden_temple, temple_hall,
          serial_shops, nicolae_stop_n_shop_2, gammafunk_ghost_grave,
          uniq_grinder
D:7:      layout_rooms, enter_bailey_3, gammafunk_ghost_cemetery,
          grunt_ministairs_15, chequers_serial_rivers_small_a,
          nicolae_elemental_shop
D:8:      layout_basic
D:9:      layout_loops_ring, david_orc_5
Orc:1:    layout_caves, basic_altar
Orc:2:    pubby_orc_utopia

Skill      XL: |  1  2  3  4  5  6  7  8  9 10 11 12 |
---------------+-------------------------------------+-----
Axes           | 3 4 |  4.3
Fighting       | 4 5 6 7 8 9 |  9.8
Shields        | 4 5 6 7 8 9 |  9.0
Armour         | 4 5 6 7 8 |  8.9
Maces & Flails | 1 2 3 6 7 9 10 | 10.9
Dodging        | 1 3 4 5 |  5.7
Invocations    | 1 2 4 5 7 8 9 |  9.0

Action                   |  1- 3 |  4- 6 |  7- 9 | 10-12 || total
-------------------------+-------+-------+-------+-------++-------
Melee: War axe           |    91 |    57 |       |   347 ||   495
       Flail             |       |    97 |   193 |   105 ||   395
       Broad axe         |       |       |       |    94 ||    94
       Short sword       |       |       |       |    18 ||    18
Throw: Stone             |       |     4 |       |       ||     4
       Boomerang         |       |       |     3 |     1 ||     4
Invok: Convert to Beogh  |       |     1 |       |       ||     1
       Smiting           |       |       |       |    11 ||    11
Evoke: Wand              |       |     2 |     4 |    14 ||    20
  Use: Scroll            |     1 |     6 |     3 |    14 ||    24
       Potion            |       |     4 |     2 |    12 ||    18
 Stab: Distracted        |       |       |       |     4 ||     4
Armor: Scale mail        |    53 |    75 |   106 |       ||   234
       Chain mail        |       |       |    38 |   241 ||   279
Dodge: Dodged            |    54 |    84 |    91 |   238 ||   467
Block: Buckler           |    22 |    35 |    59 |   186 ||   302
